 Dungeon Crawl Stone Soup version 0.21.1-1-g345015fe64 (webtiles) character file.

1197 Rujusu the Slasher (level 8, -8/77 HPs)
             Began as a Hill Orc Fighter on July 29, 2018.
             Was an Initiate of the Shining One.
             Killed by nerve-wracking pain
             ... invoked by Menkaure
              (14 damage)
             ... on level 5 of the Dungeon.
             The game lasted 00:45:58 (8050 turns).

Rujusu the Slasher (Hill Orc Fighter)               Turns: 8050, Time: 00:45:58

Health: -8/77      AC: 10    Str: 21    XL:     8   Next: 44%
Magic:  8/8        EV:  4    Int: 12    God:    the Shining One [......]
Gold:   217        SH: 17    Dex: 10    Spells: 6/7 levels left

rFire    x . .     SeeInvis .   n - -2 long sword (curse)
rCold    + . .     Gourm    .   y - +2 large shield
rNeg     . . .     Faith    .   p - +0 chain mail
rPois    .         Spirit   .   k - +0 helmet
rElec    .         Reflect  .   (no cloak)
rCorr    .         Harm     .   h - -2 pair of gloves (curse)
MR       .....                  (no boots)
Stlth    ..........             (no amulet)
HPRegen  0.22/turn              m - ring of ice
MPRegen  0.11/turn              (no ring)

@: glowing
A: hooves 1, clever 2, sense surroundings 1, robust 1, evolution 1
a: Renounce Religion


You were on level 5 of the Dungeon.
You worshipped the Shining One.
The Shining One was noncommittal.
You were very hungry.

You visited 2 branches of the dungeon, and saw 6 of its levels.

You collected 217 gold pieces.

Inventory:

Hand Weapons
 a - a +1 long sword
 l - a +0 falchion
 n - a cursed -2 long sword (weapon)
 w - the +1 dagger "Dragon's Curse" {flame, *Slow rElec Dex+3}
   (You found it on level 5 of the Dungeon)

   It has been specially enchanted to burn those struck by it, causing extra
   injury to most foes and up to half again as much damage against particularly
   susceptible opponents.
   It affects your dexterity (+3).
   It insulates you from electricity.
   It may slow you when you take damage.
Missiles
 e - 20 poisoned needles
 s - 5 tomahawks of returning (quivered)
Armour
 b - a +1 scale mail
 c - a +0 shield
 h - a cursed -2 pair of gloves (worn)
 i - a +0 shield
 k - a +0 helmet (worn)
 p - a +0 chain mail (worn)
 y - a +2 large shield (worn)
Jewellery
 g - an uncursed ring of protection from cold {unknown}
 m - a ring of ice (left hand)
Wands
 u - a wand of disintegration (7)
Scrolls
 r - a scroll of amnesia
 v - a scroll of enchant armour
Potions
 d - 2 potions of might
 j - a potion of flight
 o - 2 potions of lignification
 t - 2 potions of curing
 z - a potion of brilliance {unknown}
Books
 x - a book of Cantrips

   Spells                             Type                      Level
   a - Confusing Touch                Hexes                        1
   b - Animate Skeleton               Necromancy                   1
   c - Summon Small Mammal            Summoning                    1
   d - Apportation                    Translocation                1
Comestibles
 f - 2 rations


   Skills:
 + Level 6.0 Fighting
 * Level 6.7 Long Blades
 + Level 5.8 Armour
 - Level 1.1 Dodging
 + Level 6.2 Shields


You had 6 spell levels left.
You knew the following spells:

 Your Spells              Type           Power        Failure   Level  Hunger
a - Apportation           Tloc           #.....       100%        1    ##.....


Dungeon Overview and Level Annotations

Branches:
Dungeon (5/15)             Temple (1/1) D:4

Altars:
Ashenzari
Dithmenos
Elyvilon
Fedhas
Gozag
Hepliaklqana
Kikubaaqudgha
Ru
Trog
Xom
Yredelemnul
The Shining One

Shops:
D:4 (   D:5 *

Annotations:
D:4 Fascinator's ghost, amateur DrFi
D:5 Menkaure; imnir's ghost, novice HOFi


Innate Abilities, Weirdness & Mutations

You have large cloven feet.
Your mind is very acute. (Int +4)
You passively map a small area around you.
You are robust. (+10% HP)
You evolve.


Message History

* * * LOW HITPOINT WARNING * * *
Menkaure calls on the powers of darkness!
Your body is wracked with pain!
* * * LOW HITPOINT WARNING * * *
Menkaure gestures at you while chanting.
You struggle to resist.
Menkaure gestures at you while chanting.
Pain shoots through your body!
* * * LOW HITPOINT WARNING * * *
You feel better.
Menkaure calls on the powers of darkness!
Your body is wracked with pain!
* * * LOW HITPOINT WARNING * * *
Menkaure calls on the powers of darkness!
Your body is wracked with pain!
* * * LOW HITPOINT WARNING * * *
Menkaure says, "Why can't you leave me to my rest?"
Menkaure points at you and mumbles some strange words.
Pain shoots through your body!
You die...

#................#
#......#########.#
#......#.......#.##########
########.#####.#.#........#
########.#.#.#.#.#........#
#......#.#.#...#.'........#
#......#.#<..#####.........
#........#######.........#.
#......##.@....M.........#.
#......##.######.........##
#......##.#### #.∩.......##
###'####......#
#.........##
#.....##......# #.........#
#.....##......# #.........#
#.....##......#############
#.....##.............#
#......'.............#


You could see Menkaure.

Vanquished Creatures
  Grinder (D:3)
  A wyvern (D:5)
  A sky beast (D:4)
  A necrophage (D:5)
  A scorpion (D:5)
  A howler monkey (D:4)
  A centaur zombie (D:5)
  A crimson imp (D:5)
  2 hounds
  A bullfrog skeleton (D:5)
  An iguana (D:5)
  Natasha (twice) (D:2 D:1)
  6 worker ants
  Terence (D:3)
  A hound zombie (D:5)
  4 gnolls (D:4)
  8 adders
  An ooze (D:1)
  2 worms (D:3)
  4 dart slugs
  3 leopard geckos
  2 orcs (D:5)
  3 ball pythons
  3 giant cockroaches
  6 hobgoblins
  5 jackals
  3 kobolds
  3 quokkas
  10 bats
  3 frilled lizards
  9 goblins
  4 rats
95 creatures vanquished.

Vanquished Creatures (others)
  A giant cockroach (D:3)
1 creature vanquished.

Grand Total: 96 creatures vanquished

Notes
Turn   | Place    | Note
-------+----------+-------------------------------------------
     0 | D:1      | Rujusu the Hill Orc Fighter began the quest for the Orb.
     0 | D:1      | Reached XP level 1. HP: 19/19 MP: 1/1
   112 | D:1      | Reached XP level 2. HP: 12/27 MP: 2/2
   750 | D:1      | Reached XP level 3. HP: 31/33 MP: 3/3
  1094 | D:2      | Noticed Natasha
  1100 | D:2      | Killed Natasha
  1100 | D:2      | Reached XP level 4. HP: 26/40 MP: 4/4
  1262 | D:2      | Noticed Natasha
  1282 | D:2      | HP: 1/40 [Natasha/magic dart (9)]
  1333 | D:3      | Reached skill level 1 in Dodging
  1650 | D:1      | Killed Natasha
  1650 | D:1      | Reached XP level 5. HP: 17/46 MP: 5/5
  2211 | D:3      | Noticed Terence
  2216 | D:3      | Killed Terence
  2262 | D:3      | Found a blossoming altar of Fedhas.
  2782 | D:3      | Noticed Grinder
  2803 | D:3      | Paralysed by Grinder for 4 turns
  2828 | D:3      | Gained mutation: Your mind is acute. (Int +2) [potion of mutation]
  2828 | D:3      | Gained mutation: You have large cloven feet. [potion of mutation]
  2828 | D:3      | Gained mutation: You are robust. (+10% HP) [potion of mutation]
  2828 | D:3      | Gained mutation: You evolve. [potion of mutation]
  2830 | D:3      | Paralysed by Grinder for 3 turns
  2840 | D:3      | Paralysed by Grinder for 7 turns
  2847 | D:3      | Killed Grinder
  2847 | D:3      | Reached skill level 5 in Shields
  2847 | D:3      | Reached XP level 6. HP: 32/58 MP: 6/6
  3089 | D:3      | Found an ancient bone altar of Kikubaaqudgha.
  3460 | D:4      | Noticed Fascinator's ghost (amateur DrFi)
  3611 | D:3      | Gained mutation: You passively map a small area around you. [evolution]
  4107 | D:4      | Found Jueleo's Antique Weapon Boutique.
  4291 | D:4      | Reached XP level 7. HP: 55/66 MP: 7/7
  4476 | D:4      | Found a staircase to the Ecumenical Temple.
  4490 | Temple   | Entered the Ecumenical Temple
  4533 | Temple   | Became a worshipper of the Shining One
  4826 | D:4      | Reached skill level 5 in Long Blades
  5236 | D:5      | Entered Level 5 of the Dungeon
  5256 | D:5      | Reached skill level 5 in Fighting
  5266 | D:5      | Reached skill level 5 in Armour
  5346 | D:5      | Found Jesea's Assorted Antiques.
  5379 | D:5      | Got a faintly glowing dagger
  5380 | D:5      | Identified the +1 dagger "Dragon's Curse" {flame, *Slow rElec Dex+3} (You found it on level 5 of the Dungeon)
  5721 | D:5      | Noticed Menkaure
  6071 | D:5      | Found a bloodstained altar of Trog.
  6096 | D:5      | Reached XP level 8. HP: 75/75 MP: 8/8
  6129 | D:5      | Noticed imnir's ghost (novice HOFi)
  7361 | D:5      | Found a basalt altar of Yredelemnul.
  7396 | D:5      | Learned a level 1 spell: Apportation
  7408 | D:5      | Noticed a wyvern
  7417 | D:5      | Killed a wyvern
  8010 | D:5      | Gained mutation: Your mind is very acute. (Int +4) [evolution]
  8050 | D:5      | Killed from afar by Menkaure

Skill      XL: |  1  2  3  4  5  6  7  8 |
---------------+-------------------------+-----
Shields        | 4 5 6 |  6.2
Dodging        | 1 |  1.1
Fighting       | 4 5 6 |  6.0
Long Blades    | 3 4 5 6 |  6.7
Armour         | 4 5 |  5.8

Action                   |  1- 3 |  4- 6 |  7- 9 || total
-------------------------+-------+-------+-------++-------
Melee: Long sword        |   101 |   166 |   145 ||   412
       Kick              |       |    29 |    45 ||    74
Evoke: Wand              |       |       |     4 ||     4
  Use: Scroll            |     4 |    10 |     2 ||    16
       Potion            |     1 |     8 |     1 ||    10
  Eat: Chunk             |     1 |     3 |     4 ||     8
       Ration            |       |     2 |     2 ||     4
Armor: Scale mail        |    75 |    83 |     2 ||   160
       Skin              |       |     9 |       ||     9
       Chain mail        |       |       |    53 ||    53
Dodge: Dodged            |    40 |    69 |    33 ||   142
Block: Shield            |    85 |   124 |    45 ||   254
       Large shield      |       |       |    37 ||    37
       Rpst.: Long sword |    17 |    19 |    10 ||    46
